Unix NetHack Version 5.0.0-0 post-release - last build Jun 10 2026 00:39:30 (3ee93aec679c4c4259841fe613dc97188e26a321,branch:main).

Game began 2026-06-22 18:30:43, ended 2026-06-26 00:17:29.

BaeHund, lawful female human Samurai

                                   ---------
                                   |.......|
                                   |....@.@|
                                   |...@...| D
                                   |...@...|
                                |AA|..AA...|  |
                                |.a----.---- A|
                                |...@A@@@@...a|
                                ---....@.@aA---
                                  -----@-----
                                      .A.Aa
                                      ...
                              ...   .....
                              ...-  .....
                              ....-- ....
                               -...----%-
                                .........
                                  -------
BaeHund the Kokushu    St:18/14 Dx:22 Co:18 In:10 Wi:18 Ch:8  Lawful
Astral Plane $:2  HP:263(361) Pw:67(67) AC:-35 Xp:20 T:34410 

Latest messages:
 Talk to whom? (in what direction) y
 The invisible high priestess of Amaterasu Omikami gives you two bits for an ale.
 Ken the invisible Ryoshu drinks a potion of gain level!
 Ken the invisible Ryoshu seems more experienced.
 The Angel of Raijin points at you, then curses.
 "I've met smarter (and prettier) acid blobs."
 You hear a mumbled curse.
 The Angel of Moloch points at you, then curses.
 Michael the invisible Archer turns to flee.
 The Angel of Raijin points at you, then curses.
 "Hast thou considered masking thine odour?"
 The priestess of Susanowo casts a spell!
 You hear a mumbled curse.
 You hear a mumbled curse.
 The priest of Moloch zaps a wand of cold!
 The bolt of cold hits the priest of Raijin!
 The bolt of cold misses the Angel of Raijin.
 The bolt of cold whizzes by you!
 The bolt of cold hits the invisible high priestess of Amaterasu Omikami!
 The invisible high priestess of Amaterasu Omikami casts a spell!
 The invisible high priestess of Amaterasu Omikami looks better.
 The Angel of Raijin points at you, then curses.
 "Thinkest thou it shall tickle as I rip out thy lungs?"
 The Angel of Susanowo points at you, then curses.
 "Only thy reflection could love thee!"
 The renegade priestess of Amaterasu Omikami casts a spell!
 Ken the invisible Ryoshu wields a katana!
 The Angel of Raijin points at you, then curses.
 The Angel of Susanowo points at you, then curses.
 "I've met smarter (and prettier) acid blobs."
 The priestess of Susanowo casts a spell!
 You hear a mumbled curse.
 The priest of Moloch zaps a wand of striking!
 The wand misses the renegade priestess of Amaterasu Omikami.
 The wand hits the priest of Raijin!
 Boing!
 The invisible high priestess of Amaterasu Omikami casts a spell!
 The invisible high priestess of Amaterasu Omikami looks better.
 What do you want to sacrifice? [h or ?*] h
 You offer the Amulet of Yendor to Amaterasu Omikami...
 An invisible choir sings, and you are bathed in radiance...
 The voice of Amaterasu Omikami thunders: "Mortal, thou hast done well!"
 "In return for thy service, I grant thee the gift of Immortality!"
 You ascend to the status of Demigoddess...
 Do you want your possessions identified? [ynq] (y) y
 Do you want to see your attributes? [ynq] (y) y
 Do you want an account of creatures vanquished? [ynaq] (y) y
 Do you want a list of species genocided and extinct? [ynaq] (y) y
 Do you want to see your conduct and achievements? [ynq] (y) y
 Do you want to see the dungeon overview? [ynq] (y) y

Inventory:
 Coins    ('$')
  $ - 2 gold pieces
 Amulets  ('"')
  T - an uncursed amulet of life saving
  t - an uncursed amulet of reflection (being worn)
 Weapons  (')')
  m - the blessed rustproof +6 Excalibur (wielded in right hand)
  a - a blessed rustproof +6 katana (wielded in left hand)
 Armor    ('[')
  A - an uncursed greased rustproof +4 helm of telepathy (being worn)
  S - an uncursed thoroughly burnt +4 pair of gauntlets of dexterity (being worn)
  x - a blessed fireproof +4 pair of water walking boots (being worn)
  P - an uncursed thoroughly burnt +4 cloak of magic resistance (being worn)
  X - a blessed +4 T-shirt with text "I scored with the princess" (being worn)
  d - a blessed +4 blue dragon scale mail (being worn)
 Comestibles  ('%')
  D - a cursed lump of royal jelly
 Spellbooks  ('+')
  Q - the uncursed Book of the Dead
 Rings    ('=')
  L - an uncursed ring of conflict
  J - an uncursed ring of free action (on right hand)
  j - a blessed ring of levitation
  i - an uncursed +2 ring of protection
  Y - an uncursed ring of slow digestion
 Wands    ('/')
  K - a wand of death (0:5)
  p - a wand of death (0:0)
  c - a wand of digging (0:0)
  M - a wand of digging (0:0)
  f - a wand of secret door detection (0:7)
  U - a wand of stasis (0:3)
  E - a wand of teleportation (0:7)
  V - a wand of teleportation (0:4)
  g - a wand of teleportation (0:1)
 Tools    ('(')
  b - a blessed bag of holding containing 73 items
  l - the Bell of Opening (0:2)
  Z - an uncursed blindfold
  C - the uncursed Candelabrum of Invocation (0 of 7 candles attached)
  o - a blessed magic marker (0:50)
  y - a blessed magic marker (1:1)
  e - an uncursed skeleton key
  s - a blessed +0 unicorn horn
 Gems/Stones  ('*')
  G - a blessed luckstone

Contents of the bag of holding:
  an uncursed amulet of life saving
  a cursed amulet of life saving
  the blessed +0 Tsurugi of Muramasa
  the rustproof +0 Snickersnee
  an uncursed +0 helm of opposite alignment
  an uncursed +0 pair of jumping boots
  a blessed +4 pair of speed boots
  an uncursed +0 mummy wrapping
  a blessed rotproof +4 gray dragon scale mail
  an uncursed can of white monster
  an uncursed carrot
  15 uncursed gunyoki
  an uncursed lizard corpse
  2 blessed scrolls of amnesia
  4 uncursed scrolls of amnesia
  a blessed scroll of confuse monster
  5 uncursed scrolls of confuse monster
  5 uncursed scrolls of create monster
  a cursed scroll of create monster
  2 blessed scrolls of destroy armor
  4 uncursed scrolls of destroy armor
  a blessed scroll of enchant weapon
  3 uncursed scrolls of fire
  2 blessed scrolls of food detection
  a cursed scroll of food detection
  a blessed scroll of light
  8 uncursed scrolls of light
  an uncursed scroll of punishment
  an uncursed scroll of remove curse
  2 uncursed scrolls of scare monster
  an uncursed scroll of taming
  2 blessed scrolls of teleportation
  11 uncursed scrolls of teleportation
  9 cursed scrolls of teleportation
  an uncursed potion of blindness
  an uncursed potion of fruit juice
  a blessed potion of healing
  an uncursed potion of healing
  a blessed potion of levitation
  an uncursed potion of levitation
  an uncursed potion of speed
  a cursed potion of speed
  9 potions of holy water
  a potion of unholy water
  an uncursed ring of free action
  an uncursed +1 ring of gain constitution
  an uncursed ring of polymorph control
  a cursed ring of teleport control
  a wand of cold (0:6)
  a wand of cold (0:0)
  a cursed wand of cold (0:5)
  a wand of create monster (0:15)
  a wand of create monster (0:11)
  a wand of fire (0:4)
  a wand of fire (0:1)
  a wand of lightning (0:6)
  a wand of lightning (0:4)
  a wand of make invisible (0:6)
  a wand of opening (0:3)
  a wand of polymorph (0:4)
  a wand of sleep (0:4)
  a wand of striking (0:8)
  a wand of striking (0:4)
  a wand of teleportation (0:7)
  a wand of teleportation (0:7)
  a wand of teleportation (0:5)
  a wand of teleportation (0:3)
  a can of grease (0:22)
  a blessed magic marker (0:4)
  an uncursed magic whistle
  a cursed tinning kit (0:82)
  6 uncursed partly used wax candles
  a blessed touchstone

BaeHund the Samurai's attributes:

Background:
 You were a Kokushu, a level 20 female human Samurai.
 You were lawful, on a mission for Amaterasu Omikami
 who was opposed by Raijin (neutral) and Susanowo (chaotic).
 You were right-handed.
 You were in the endgame, on the Astral Plane.
 You entered the dungeon 34410 turns ago.
 It was the midnight hour.
 You had 5187827 experience points, 4812173 more were needed for level 21.

Basics:
 You had 263 out of 361 hit points.
 You had all 67 energy points (spell power).
 Your armor class was -35.
 Your wallet contained 2 zorkmids.
 Autopickup was off.

Final Characteristics:
 Your strength was 18/14 (limit:18/100).
 Your dexterity was 22 (base:18, innate limit:18).
 Your constitution was 18 (limit:18).
 Your intelligence was 10 (limit:18).
 Your wisdom was 18 (limit:18).
 Your charisma was 8 (limit:18).

Final Status:
 You weren't hungry.
 You were unencumbered.
 You were wielding two weapons at once.
 You had expert skill with long sword and two weapons.

Final Attributes:
 You were piously aligned.
 You were magic-protected.
 You were fire resistant.
 You were cold resistant.
 You were disintegration resistant.
 You were shock resistant.
 Your items were protected from electric shocks.
 You were poison resistant.
 You were level-drain resistant.
 You saw invisible.
 You were telepathic.
 You had automatic searching.
 You were invisible to others.
 You were stealthy.
 You could walk on water.
 You had a moderate defense bonus (+10).
 You were warded.
 You were very fast.
 You had reflection.
 You had free action.
 You were very lucky.
 You had extra luck.
 Good luck did not time out for you.
 You survived.

Miscellaneous:
 You encountered 2 bones levels.
 Total elapsed playing time was 11 hours, 31 minutes and 26 seconds.

Major events:
 Turn
    1: BaeHund the lawful female human Samurai entered the dungeon
  737: entered the Gnomish Mines
  742: attained the rank of Ronin (level 3)
 1081: reached Mine Town
 2140: made her first wish - "blessed fixed +3 grey dragon scale mail", got "a gray dragon scale mail"
 2175: attained the rank of Kunoichi (level 6)
 3970: acquired the Mines' End luckstone
 6216: entered Sokoban
 6405: completed 1st Sokoban level
 6855: completed 2nd Sokoban level
 7310: completed 3rd Sokoban level
 7953: completed 4th Sokoban level
 8001: attained the rank of Joshu (level 10)
 8404: acquired the Sokoban amulet of reflection
10695: entered Home 1, the Quest
11213: was given Excalibur by the Lady of the Lake
14650: found Frost Brand on the floor
17956: was bestowed with Snickersnee by Amaterasu Omikami
18321: killed Croesus
18433: attained the rank of Ryoshu (level 14)
18438: performed her first genocide (master mind flayers)
20353: killed Medusa
21373: wished for "blessed fixed +3 water walking boots", got "a pair of snow boots"
21389: wished for "blessed fixed +3 helm of telepathy", got "a visored helmet"
21468: wished for "blessed magic marker", got "a magic marker"
21848: entered Gehennom
22841: Lord Sato has granted access to proceed deeper into the quest
22863: entered Home 2, the Quest
22957: entered Home 3, the Quest
23281: entered Home 4, the Quest
23545: entered Home 5, the Quest
23689: entered Home 6, the Quest
23777: found the Tsurugi of Muramasa carried by a monster
23803: killed Ashikaga Takauji
23804: acquired the Bell of Opening
25277: attained the rank of Kokushu (level 18)
25882: killed Asmodeus
26452: killed Juiblex
26578: genocided class L
26617: killed Baalzebub
27594: genocided class h
27595: genocided class ;
27604: genocided class R
27604: genocided class V
27833: killed Orcus
30738: destroyed Vlad the Impaler
30739: acquired the Candelabrum of Invocation
31800: killed the Wizard of Yendor
31808: acquired the Book of the Dead
31944: performed the invocation
32060: killed the high priest of Moloch
32062: acquired The Amulet of Yendor
32062: wished for "blessed ring of levitation", got "an agate ring"
32674: killed the Wizard of Yendor (2nd time)
33456: killed the Wizard of Yendor (3rd time)
34161: entered the Elemental Planes
34161: entered Plane of Earth
34162: killed the Wizard of Yendor (5th time)
34264: entered Plane of Air
34300: entered Plane of Fire
34336: entered Plane of Water
34382: entered the Astral Plane
34393: killed Famine
34405: found Trollsbane carried by a monster
34410: ascended

Spells:
 Name                 Level Category     Fail Retention
 extra healing          3   healing      100%    (gone)
 stone to flesh         3   healing      100%    (gone)
 confuse monster        1   enchantment   84%    1%-25%
 force bolt             1   attack        84%   26%-50%

Skills:
 Fighting Skills
   martial arts      [Basic]
   two weapon combat [Expert]
   riding            [Unskilled]
 Weapon Skills
   dagger            [Unskilled]
   knife             [Unskilled]
   short sword       [Basic]
   broadsword        [Unskilled]
   long sword        [Expert]
   two-handed sword  [Unskilled]
   saber             [Unskilled]
   flail             [Unskilled]
   quarterstaff      [Unskilled]
   polearms          [Unskilled]
   spear             [Unskilled]
   lance             [Unskilled]
   bow               [Basic]
   shuriken          [Unskilled]
 Spellcasting Skills
   attack spells     [Unskilled]
   divination spells [Unskilled]
   clerical spells   [Unskilled]

Voluntary challenges:
 Character rerolling was not enabled.
 You genocided 21 types of monsters.
 You never polymorphed an object.
 You never changed form.
 You used 5 wishes.
 You did not wish for any artifacts.
 You did not violate any of the special Sokoban rules.
Achievements:
 You entered a shop.
 You entered the Gnomish Mines.
 You attained the rank of Ronin.
 You entered Minetown.
 You entered a temple.
 You attained the rank of Kunoichi.
 You completed the Gnomish Mines.
 You entered Sokoban.
 You attained the rank of Joshu.
 You completed Sokoban.
 You attained the rank of Ryoshu.
 You defeated Medusa.
 You entered Gehennom.
 You had the Bell of Opening.
 You attained the rank of Kokushu.
 You had the Candelabrum of Invocation.
 You had the Book of the Dead.
 You gained access to Moloch's Sanctum.
 You reached the Elemental Planes.
 You reached the Astral Plane.
 You delivered the Amulet of Yendor.
 You ascended!

 The Elemental Planes:
    Astral Plane: <- You are here.
       A temple and an altar to Amaterasu Omikami.
    Plane of Water:
    Plane of Fire:
    Plane of Air:
    Plane of Earth:
 The Dungeons of Doom: levels 1 to 28
    Level 1:
       One way stairs up to The Elemental Planes.
    Level 2:
       A fountain.
    Level 3:
       A general store, a fountain.
       Stairs down to The Gnomish Mines.
    Level 4:
       An altar to Amaterasu Omikami.
    Level 5: "STASH HERE"
       An altar, a sink.
    Level 6:
    Level 7: "STASH FOR POTIONS ONLY"
       Oracle of Delphi.
    Level 8:
       A general store, a grave.
       Stairs up to Sokoban, level 7.
    Level 9:
       A tool shop.
    Level 10:
       A general store, an altar to Amaterasu Omikami.
    Level 11:
       An altar, a grave.
    Level 12: "NEW STASH"
       An armor shop, a sink.
    Level 13:
       A general store.
       Portal to The Quest.
    Level 14:
       Many graves.
    Level 15:
       A primitive area.
    Level 16:
       Some fountains.
       Portal to Fort Ludios.
    Level 17:
    Level 18:
       Some fountains.
    Level 19:
    Level 20:
       An armor shop, a grave.
       Final resting place for
          leogorerd-Val-Hum-Fem-Neu, killed by a wand.
    Level 21:
       A fountain.
    Level 22:
       A fountain, a grave.
    Level 23:
    Level 24:
       Many fountains, many trees.
    Level 25:
    Level 26:
    Level 27:
    Level 28:
       A fountain.
       The castle (play 5-note tune to open or close drawbridge).
       Connection to Gehennom.
 Gehennom: levels 29 to 51
    Level 29:
       A temple and an altar, many graves.
       Valley of the Dead.
    Level 30:
    Level 31:
    Level 32:
    Level 33:
    Level 34:
    Level 35:
       An altar to Amaterasu Omikami, a fountain.
    Level 36:
    Level 37:
    Level 38:
    Level 39:
    Level 40:
       Stairs up to Vlad's Tower, level 39.
    Level 41:
    Level 42:
    Level 43:
       Some shops, an altar, a grave.
    Level 44:
    Level 45:
    Level 46:
    Level 47:
    Level 48:
    Level 49:
    Level 50:
    Level 51:
       A temple and an altar, many graves.
       Moloch's Sanctum.
 The Gnomish Mines: levels 4 to 12
    Level 4:
    Level 5: "pickaxe here"
    Level 6: "MR cloak here"
       Many shops, a temple and an altar, some fountains.
       Final resting place for
          IanCurtis-Wiz-Elf-Mal-Cha, killed by a giant beetle.
    Level 7:
    Level 8:
    Level 9: "wakazashi here"
    Level 10:
    Level 11:
    Level 12:
 The Quest: levels 1 to 6
    Level 1:
       Completed quest for Lord Sato.
    Level 2:
    Level 3:
    Level 4:
    Level 5:
    Level 6:
 Sokoban: levels 7 up to 4
    Level 4:
       Solved.
    Level 5:
       Solved.
    Level 6:
       Solved.
    Level 7:
       Solved.
 Fort Ludios:
    Level 1: "blue dragon scales"
       Fort Ludios.
 Vlad's Tower: levels 39 up to 37
    Level 37:
       A throne.
    Level 38:
    Level 39:


Vanquished creatures:
    Asmodeus
    Baalzebub
    Orcus
    Juiblex
the Wizard of Yendor (5 times)
    Famine
    Vlad the Impaler
  a high cleric
  a mastodon
    Medusa
    Croesus
  6 krakens
  3 iron golems
  2 balrogs
  3 purple worms
  a gray dragon
  3 gold dragons
  2 silver dragons
  5 red dragons
  4 white dragons
 an orange dragon
  4 black dragons
  3 blue dragons
  a green dragon
  2 yellow dragons
 31 minotaurs
  2 jabberwocks
    Ashikaga Takauji
  3 baluchitheria
  a demilich
  6 stone golems
 an Olog-hai
  a Nazgul
 13 pit fiends
  a sandestin
  7 hell hounds
  7 displacer beasts
  4 titanotheres
  a trapper
  a baby silver dragon
  3 baby red dragons
  a baby green dragon
  3 genetic engineers
  3 disenchanters
 20 vampire leaders
  4 skeletons
  6 aligned clerics
  5 captains
  6 shades
  5 liches
  2 clay golems
 11 nurses
  9 ice devils
  7 nalfeshnees
  2 lurkers above
 an Aleax
  8 frost giants
  3 ettins
  a golden naga
  4 black puddings
 26 vampires
 12 lieutenants
 26 ghosts
 10 samurai
  5 queen bees
  3 winged gargoyles
  a mind flayer
  9 giant mimics
  4 long worms
  2 zruties
 13 ogre tyrants
 26 ice trolls
  6 rock trolls
  5 umber hulks
  7 flesh golems
  4 elven monarchs
  2 doppelgangers
  8 hezrous
  8 bone devils
 14 large mimics
  5 wumpuses
  5 fire vortices
 40 stalkers
 an air elemental
  5 fire elementals
  6 earth elementals
  8 water elementals
  6 hill giants
  3 giant mummies
  a black naga
  8 xorns
 14 giant zombies
  4 elf-nobles
 12 sergeants
  3 erinyes
  5 barbed devils
 10 vrocks
  6 salamanders
 12 wargs
  4 winter wolves
 12 hell hound pups
 20 small mimics
  4 glass piercers
  6 warhorses
 11 steam vortices
  9 xans
  4 ettin mummies
  7 ogre leaders
 16 quantum mechanics
 12 trolls
  a wood golem
  5 mariliths
  4 sharks
  6 electric eels
 10 gelatinous cubes
  9 pyrolisks
  4 large dogs
  4 freezing spheres
  8 flaming spheres
  a shocking sphere
  2 large cats
  7 tigers
  9 gargoyles
  a dwarf ruler
  9 ochre jellies
  5 leocrottas
  2 energy vortices
  4 mountain centaurs
  2 stone giants
  2 elf mummies
  4 human mummies
 11 red nagas
  2 green slimes
  2 pythons
  2 pit vipers
 15 cobras
 48 wraiths
  4 carnivorous apes
 16 ettin zombies
  2 leather golems
  9 Grey-elves
115 soldiers
  2 watchmen
 12 amorous demons
  9 horned devils
  3 chameleons
  5 crocodiles
 10 giant beetles
  4 quivering blobs
 11 cockatrices
 56 wolves
 11 winter wolf cubs
  a lynx
  2 panthers
  3 gremlins
  2 spotted jellies
  3 leprechauns
  2 orc-captains
  2 iron piercers
  3 mumakil
 17 giant spiders
  4 scorpions
  3 horses
  2 ice vortices
  6 black lights
  9 vampire bats
  2 forest centaurs
  4 gnome rulers
  3 orc mummies
  5 dwarf mummies
  8 ogres
  6 rust monsters
  4 owlbears
  6 yetis
  a gold golem
  4 werewolves
 12 Green-elves
  2 piranha
 12 giant eels
  6 lizards
 22 ninja
  5 chickatrices
  a dingo
  a dog
  3 housecats
  3 jaguars
  3 dwarf leaders
  6 blue jellies
  4 gray unicorns
  a black unicorn
  3 dust vortices
  5 ravens
  3 plains centaurs
  6 gnome mummies
  3 snakes
  3 water moccasins
  8 apes
 15 human zombies
  6 Woodland-elves
 21 soldier ants
 19 fire ants
 10 bugbears
  4 imps
  6 quasits
 11 wood nymphs
  5 water nymphs
  3 mountain nymphs
  3 Mordor orcs
 18 Uruk-hai
  2 orc shamans
  5 rock piercers
  a rock mole
  5 ponies
  2 fog clouds
  6 yellow lights
  4 shriekers
  4 violet fungi
 19 gnome leaders
  5 gnomish wizards
  3 kobold mummies
  2 red naga hatchlings
  a gray ooze
  4 barrow wights
 14 elf zombies
 12 ghouls
  2 straw golems
  2 paper golems
  5 jellyfish
 37 giant ants
  a little dog
  6 floating eyes
 14 dwarves
  5 homunculi
  3 kobold leaders
  4 kobold shamans
 13 hill orcs
 18 rothes
  2 rabid rats
  2 centipedes
  a giant bat
  2 monkeys
  7 orc zombies
  9 dwarf zombies
  a wererat
  2 werejackals
  5 iguanas
 80 killer bees
  3 acid blobs
  3 coyotes
  2 gas spores
  4 hobbits
  4 manes
  2 large kobolds
 13 hobgoblins
  7 giant rats
  9 cave spiders
  2 yellow molds
  3 green molds
 68 gnomes
  a garter snake
 14 gnome zombies
  5 geckos
 17 jackals
  3 foxes
  a kobold
  5 goblins
  5 sewer rats
 13 grid bugs
  a bat
  2 lichens
 15 kobold zombies
  7 newts
1991 creatures vanquished.

Genocided or extinct species:
 arch-liches
 krakens
 master liches
 demiliches
 master mind flayers
 disenchanters
 vampire leaders
 liches
 vampires
 mind flayers
 erinyes (extinct)
 sharks
 electric eels
 dwarf rulers
 soldiers (extinct)
 rust monsters
 piranha
 giant eels
 dwarf leaders
 bugbears
 jellyfish
 dwarves
 hobbits
21 species genocided.
2 species extinct.

Sayonara BaeHund the Demigoddess...

You went to your reward with 2422238 points,
The Tsurugi of Muramasa (worth 4500 zorkmids and 11250 points)
Snickersnee (worth 1200 zorkmids and 3000 points)
The Bell of Opening (worth 5000 zorkmids and 12500 points)
Excalibur (worth 4000 zorkmids and 10000 points)
The Candelabrum of Invocation (worth 5000 zorkmids and 12500 points)
The Book of the Dead (worth 10000 zorkmids and 25000 points)
       3 amulets of life saving (worth 450 zorkmids),
       1 amulet of reflection (worth 150 zorkmids),
and 2 pieces of gold, after 34410 moves.
You were level 20 with a maximum of 361 hit points when you ascended.

